 Dungeon Crawl Stone Soup version 0.24-b1 (webtiles) character file.

Game seed: 264772525937519944, levelgen mode: deterministic

109 Dorkslayer the Magician (level 4, -1/27 HPs)
             Began as an Octopode Wizard on Oct 8, 2019.
             Slain by a worm (4 damage)
             ... on level 4 of the Dungeon on Oct 12, 2019.
             The game lasted 00:12:18 (2499 turns).

Dorkslayer the Magician (Octopode Wizard)           Turns: 2499, Time: 00:12:19

Health: -1/27      AC:  1    Str:  6    XL:     4   Next: 90%
Magic:  1/10       EV: 13    Int: 20    God:
Gold:   80         SH:  0    Dex: 11    Spells: 3/11 levels left

rFire    . . .     SeeInvis .   f - +0 dagger
rCold    . . .     Gourm    .   (no shield)
rNeg     . . .     Faith    .   a - +0 hat
rPois    .         Spirit   .   (no amulet)
rElec    .         Reflect  .   (no ring)
rCorr    .         Harm     .   (no ring)
MR       .....                  (no ring)
Stlth    +++.......             (no ring)
HPRegen  0.09/turn              (no ring)
MPRegen  0.12/turn              (no ring)
                                (no ring)
                                (no ring)

@: no status effects
A: almost no armour, stealthy swim, amphibious, 8 rings, constrict 8, camouflage
1, gelatinous body 1
a: no special abilities


You were on level 4 of the Dungeon.
You were not hungry.

You visited 1 branch of the dungeon, and saw 4 of its levels.

You collected 80 gold pieces.

Inventory:

Hand Weapons
 f - a +0 dagger (weapon)
 g - a +0 short sword
Armour
 a - a +0 hat (worn)
Comestibles
 b - 2 chunks of flesh
 c - 4 rations


   Skills:
 + Level 0.3 Fighting
 + Level 1.0 Short Blades
 + Level 2.6 Dodging
 + Level 3.5 Stealth
 + Level 4.1 Spellcasting
 + Level 1.7 Conjurations
   Level 1.0 Summonings
 + Level 1.0 Translocations


You had 3 spell levels left.
You knew the following spells:

 Your Spells              Type           Power        Failure   Level  Hunger
a - Magic Dart            Conj           ##..         6%          1    None
b - Blink                 Tloc           N/A          13%         2    #......
c - Conjure Flame         Conj/Fire      #.......     26%         3    ###....
d - Slow                  Hex            #.......     19%         2    #......

Your spell library contained the following spells:

 Spells                   Type           Power        Failure   Level  Hunger
 Call Imp                 Summ           #.......     13%         2    #......
 Mephitic Cloud           Conj/Pois/Air  #.......     30%         3    ###....


Dungeon Overview and Level Annotations

Branches:
Dungeon (4/15)
 Temple: D:4-7

Altars:
Elyvilon
Yredelemnul


Innate Abilities, Weirdness & Mutations

You cannot wear most types of armour.
You are very stealthy in the water. (Stealth+)
You are amphibious.
You can wear up to eight rings at the same time.
You can use your tentacles to constrict eight enemies at once.
Your skin changes colour to match your surroundings (Stealth+).
Your rubbery body absorbs attacks. (AC +1, EV +1)


Message History

Casting: Blink (safe; 13% risk of failure)
Confirm with . or Enter, or press ? or * to list all spells.
You blink.
Unknown command.
You see here a scroll of magic mapping.
You hit the worm. You grab the worm.
The worm is lightly wounded.
You constrict the worm. You hit the worm.
You squeeze the worm, but do no damage.
The worm is moderately wounded.
You constrict the worm. The worm bites you!
* * * LOW HITPOINT WARNING * * *
You hit the worm but do no damage.
The worm is moderately wounded.
You constrict the worm.
You aren't carrying any potions.
You hit the worm but do no damage. You squeeze the worm.
The worm is almost dead.
You constrict the worm. The worm bites you.
You die...

.# .#.# #... # ..#
..+##..# ##########
...#.###.#.......
#w..##.##.....### +
#@..#..##..).....
#.#....#.##.....#
#...#..#.##.....#
....+##...#.......#
### #.#.######<###
#...# #.....# .#.##
#.....# #...#
#.....# ##..
#.....#


You could see a worm.

Vanquished Creatures
  3 adders (D:2)
  An ooze (D:2)
  3 leopard geckos
  3 orcs
  8 bats
  A giant cockroach (D:1)
  8 goblins
  4 hobgoblins (D:1)
  16 jackals
  2 frilled lizards (D:1)
  2 gnoll zombies (D:2)
  7 kobolds
  8 rats
66 creatures vanquished.

Notes
Turn   | Place    | Note
-------+----------+-------------------------------------------
     0 | D:1      | Dorkslayer the Octopode Wizard began the quest for the Orb.
     0 | D:1      | Reached XP level 1. HP: 11/11 MP: 4/4
     0 | D:1      | Upgraded the game from 0.24-a0-784-g601f8f6 to 0.24-b1
   291 | D:1      | Reached XP level 2. HP: 17/17 MP: 3/6
   676 | D:1      | Reached XP level 3. HP: 16/21 MP: 5/8
   959 | D:1      | Learned a level 2 spell: Blink
   963 | D:1      | Learned a level 3 spell: Conjure Flame
   966 | D:1      | Learned a level 2 spell: Slow
  1600 | D:2      | Found a white marble altar of Elyvilon.
  1645 | D:2      | Reached skill level 4 in Spellcasting
  1645 | D:2      | Reached XP level 4. HP: 27/27 MP: 5/10
  1869 | D:2      | Found a basalt altar of Yredelemnul.
  2462 | D:3      | Reached skill level 1 in Short Blades
  2499 | D:4      | Slain by a worm

Skill      XL: |  1  2  3  4 |
---------------+-------------+-----
Stealth        | 3 |  3.5
Spellcasting   | 4 |  4.1
Short Blades   | 1 |  1.0
Fighting       | |  0.3
Dodging        | |  2.6
Conjurations   | |  1.7
Summonings     | |  1.0
Translocations | |  1.0

Action                   |  1- 3 |  4- 6 || total
-------------------------+-------+-------++-------
Melee: Unarmed           |    18 |       ||    18
       Constrict         |    22 |    16 ||    38
       Tentacles         |     6 |    12 ||    18
       Dagger            |    59 |    71 ||   130
 Cast: Magic Dart        |    56 |    42 ||    98
       Blink             |       |     4 ||     4
  Use: Scroll            |       |     5 ||     5
       Potion            |       |     4 ||     4
 Stab: Distracted        |     1 |       ||     1
       Sleeping          |       |     1 ||     1
  Eat: Chunk             |     2 |     1 ||     3
       Ration            |       |     1 ||     1
Armor: Skin              |     3 |     9 ||    12
Dodge: Dodged            |    53 |    70 ||   123
